 Dungeon Crawl Stone Soup version 0.25.1-8-g42b30a86e7 (webtiles) character file.

Game seed: 5120874233314867695

9737 mwcat2000 the Agent of Entropy (level 11, 0/81 HPs)
             Began as a Demonspawn Abyssal Knight on Dec 1, 2020.
             Was a Priest of Lugonu.
             Slain by Urug
             ... wielding a +0 demon trident of venom
              (18 damage)
             ... on level 1 of the Lair of Beasts on Dec 5, 2020.
             The game lasted 01:21:34 (11843 turns).

mwcat2000 the Agent of Entropy (DsAK)              Turns: 11843, Time: 01:21:36

Health: 0/81       AC: 14    Str: 12    XL:     11   Next: 27%
Magic:  6/19       EV: 16    Int: 14    God:    Lugonu [***...]
Gold:   623        SH:  0    Dex: 20    Spells: 14/16 levels left

rFire    + . .     SeeInvis .   a - +0 war axe (freeze)
rCold    . . .     Gourm    .   (no shield)
rNeg     + . .     Faith    +   e - +2 ring mail {rF+}
rPois    .         Spirit   .   k - +2 hat
rElec    .         Reflect  .   R - scarf {repulsion}
rCorr    .         Harm     .   E - +2 pair of gloves
MR       .....                  n - +0 pair of boots
Stlth    +.........             K - amulet of Untruth {Faith +Fly Str-2 Slay+3}
HPRegen  0.23/turn              x - ring of wizardry
MPRegen  0.16/turn              b - ring "Pixuadgh" {rN+ Dex+6 Slay+2}

@: lethally poisoned (0 -> -28), repel missiles
A: antennae 1, talons 1, foul stench 1, spiny 1, rot immunity
a: Depart the Abyss, Bend Space, Banish, Renounce Religion, Evoke Flight


You were on level 1 of the Lair of Beasts.
You worshipped Lugonu.
Lugonu was most pleased with you.
You were hungry.

You visited 3 branches of the dungeon, and saw 12 of its levels.
You visited the Abyss 1 time.

You collected 623 gold pieces.

Inventory:

Hand Weapons
 a - a +0 war axe of freezing (weapon)
 d - a +5 halberd
 i - a +0 dagger of draining
 q - a +2 spear of distortion
 r - a +2 scimitar of electrocution
 D - a +0 shortbow of freezing
 P - a +2 mace of protection
 U - the cursed +3 morningstar of Ru {freeze, rN+ Int+5}
   (You found it on level 7 of the Dungeon)

   It has been specially enchanted to freeze those struck by it, causing extra
   injury to most foes and up to half again as much damage against particularly
   susceptible opponents.
   It can also slow down cold-blooded creatures.
   It affects your intelligence (+5).
   It protects you from negative energy.
   It has a curse placed upon it.
Missiles
 h - 92 poisoned darts (quivered)
 l - 220 arrows
 u - 16 boomerangs
 J - 39 bolts
Armour
 e - a +2 ring mail of fire resistance (worn)
 k - a +2 hat (worn)
 n - a +0 pair of boots (worn)
 E - a +2 pair of gloves (worn)
 Q - a +3 leather armour of positive energy
 R - a scarf of repulsion (worn)
Jewellery
 b - the ring "Pixuadgh" (right hand) {rN+ Dex+6 Slay+2}
   (You found it on level 5 of the Dungeon)

   [ring of positive energy]

   It affects your dexterity (+6).
   It affects your accuracy and damage with ranged weapons and melee attacks
   (+2).
   It protects you from negative energy.
 m - a +6 ring of intelligence
 x - a ring of wizardry (left hand)
 F - an uncursed amulet of reflection {unknown}
 H - a +4 ring of evasion
 K - the amulet of Untruth (around neck) {Faith +Fly Str-2 Slay+3}
   (You found it on level 4 of the Dungeon)

   [amulet of faith]

   It allows you to gain divine favour quickly.
   It affects your strength (-2).
   It affects your accuracy and damage with ranged weapons and melee attacks
   (+3).
   It lets you fly.
 S - an uncursed amulet of regeneration
Wands
 t - a wand of disintegration (13)
 I - a wand of polymorph (23)
 O - a wand of enslavement (19)
 Y - a wand of iceblast (7)
Scrolls
 f - 3 scrolls of remove curse
 j - a scroll of brand weapon
 o - 5 scrolls of enchant weapon
 s - a scroll of vulnerability {unknown}
 v - 3 scrolls of magic mapping
 y - 2 scrolls of amnesia
 z - 2 scrolls of fear
 L - 5 scrolls of teleportation
 M - 3 scrolls of blinking
 T - a scroll of fog
 V - 2 scrolls of random uselessness {unknown}
Potions
 g - a potion of heal wounds
 p - a potion of cancellation
 w - a potion of haste
 A - 3 potions of berserk rage
 B - a potion of mutation
 C - 3 potions of brilliance
 G - 9 potions of curing
 N - 2 potions of lignification
 W - a potion of might
 Z - a potion of ambrosia
Comestibles
 c - 23 rations
 X - 6 chunks of flesh


   Skills:
 - Level 6.0 Fighting
 - Level 2.9(3.7) Axes
 - Level 2.2(3.0) Maces & Flails
 - Level 2.2(3.0) Polearms
 - Level 4.0 Bows
 - Level 2.0 Throwing
 - Level 3.6 Armour
 + Level 8.6 Dodging
 - Level 0.4 Stealth
 - Level 0.1 Unarmed Combat
 + Level 3.3 Spellcasting
 - Level 4.0 Summonings
 - Level 6.0 Necromancy
 + Level 11.0 Invocations
 + Level 1.8 Evocations


You had 14 spell levels left.
You knew the following spells:

 Your Spells              Type           Power        Failure   Level  Hunger
a - Summon Small Mammal   Summ           ##..         3%          1    #......
b - Animate Skeleton      Necr           N/A          1%          1    #......

Your spell library contained the following spells:

 Spells                   Type           Power        Failure   Level  Hunger
 Apportation              Tloc           #.....       17%         1    #......
 Beastly Appendage        Tmut           #.....       17%         1    #......
 Corona                   Hex            #......      17%         1    #......
 Ensorcelled Hibernation  Hex/Ice        #.....       26%         2    ##.....
 Petrify                  Tmut/Erth      #.......     83%         4    #####..
 Metabolic Englaciation   Hex/Ice        #.........   99%         5    ######.
 Freezing Cloud           Conj/Ice/Air   #.........   100%        6    #######


Dungeon Overview and Level Annotations

Branches:
Dungeon (10/15)            Temple (1/1) D:7            Lair (1/6) D:10
    Orc: D:9-12

Altars:
Ashenzari
Cheibriados
Dithmenos
Elyvilon
Fedhas
Gozag
Hepliaklqana
Kikubaaqudgha
Makhleb
Nemelex Xobeh
Okawaru
Qazlal
Ru
Sif Muna
Trog
Uskayaw
Vehumet
Wu Jian
Xom
Yredelemnul
Zin
The Shining One

Shops:
D:6 [

Annotations:
Lair:1 Urug
Abyss:1 Duvessa, Erica, Joseph, Maggie, Maurice, Pikel


Innate Abilities, Weirdness & Mutations

You have a pair of small antennae on your head.
You have sharp toenails.
You may emit foul miasma when damaged in melee.
You are partially covered in sharp spines.
You are immune to rotting.


Message History

Aim: Urug, wielding a +0 demon trident of venom, wearing a +3 ring mail of poison resistance and quivering 4 javelins (moderately wounded, sick, chance to defeat MR: 75%) Urug struggles to resist.
You feel quite a bit more hungry.
You feel very sick.
Your quokka bites Urug.
Urug misses you.
Press: ? - help, Shift-Dir - straight line, f/p - Urug
Aim: Urug, wielding a +0 demon trident of venom, wearing a +3 ring mail of poison resistance and quivering 4 javelins (moderately wounded, sick, chance to defeat MR: 75%) Urug struggles to resist.
You feel somewhat more hungry.
You feel very sick.
Your quokka misses Urug. Urug is struck by your spines.
Urug hits you with a +0 demon trident of venom!
* * * LOW HITPOINT WARNING * * *
Press: ? - help, Shift-Dir - straight line, f/p - Urug
Aim: Urug, wielding a +0 demon trident of venom, wearing a +3 ring mail of poison resistance and quivering 4 javelins (moderately wounded, sick, chance to defeat MR: 75%) Urug struggles to resist.
You are feeling hungry.
You can no longer corrupt the fabric of space.
* * * LOW HITPOINT WARNING * * *
You feel sick.
Your quokka closely misses Urug.
Urug is struck by your spines.
Urug hits you with a +0 demon trident of venom!!
You die...

...#.......###.###..#
####................#
....................#
....................##
....................P#
....................##
...#......#...###....#
..........#......#..##
)..#......#.....@rb.#
...#...........?o#rZ##
...#......#......#...#
...+......+......#..##
...# ...........(..#
...# ....#.........P#
#.#. ..####.##...# ..
... ...## #.. .#.##


You could see Urug (sick), 2 friendly quokkas, a friendly bat (summoned) and a
friendly hippogriff skeleton.

Vanquished Creatures
  A two-headed ogre (D:9)
  A cyclops (D:10)
  A gargoyle (D:9)
  3 hippogriffs
  2 wyverns (D:9)
  A hungry ghost (D:8)
  A human (D:7)
  2 yaks (D:7)
  A basilisk (Lair:1)
  2 hogs (D:7)
  Edmund (D:5)
  3 water moccasins
  4 porcupines
  2 slaves (D:4)
  5 orc warriors
  An ice beast (D:7)
  A sky beast (D:9)
  A phantom (D:8)
  A hornet zombie (D:8)
  6 wolves
  5 centaurs
  A crocodile (D:10)
  A big kobold (D:7)
  3 bullfrogs
  Dowan (D:7)
  A scorpion (D:9)
  A killer bee (D:7)
  4 wights
  6 crimson imps
  6 hounds
  5 orc priests
  Ijyb (D:3)
  Terence (D:2)
  An iguana (D:9)
  5 orc wizards
  6 worker ants
  A gnoll (D:7)
  13 adders
  A shadow imp (D:8)
  An ooze (D:5)
  An adder zombie (D:10)
  3 adder skeletons
  2 worms
  2 dart slugs
  3 leopard geckos
  19 orcs
  10 bats
  4 giant cockroaches
  5 goblins
  4 hobgoblins
  6 jackals
  2 quokkas
  A ball python (D:4)
  4 frilled lizards
  A jackal skeleton (D:7)
  A jackal zombie (D:6)
  12 kobolds
  A quokka skeleton (D:6)
  7 rats
  2 fungi (D:10)
194 creatures vanquished.

Vanquished Creatures (collateral kills)
  A hound (D:9)
  A shadow imp (D:8)
  An adder skeleton (D:9)
3 creatures vanquished.

Vanquished Creatures (others)
  A hydra (Lair:1)
  A two-headed ogre (D:7)
  A necrophage (D:6)
  A centaur (D:7)
  2 scorpions
  A jelly (D:9)
  A hound (D:6)
  An orc wizard (D:7)
  A worker ant (D:7)
  An adder (D:2)
  A quokka (D:3)
  A kobold (D:2)
  A fungus (D:10)
14 creatures vanquished.

Grand Total: 211 creatures vanquished

Notes
Turn   | Place    | Note
-------+----------+-------------------------------------------
     0 | Abyss:1  | mwcat2000 the Demonspawn Abyssal Knight began the quest for
                  | the Orb.
     0 | Abyss:1  | Reached XP level 1. HP: 18/18 MP: 2/2
    90 | Abyss:2  | Noticed a wretched star
    93 | D:1      | Escaped the Abyss
   226 | D:1      | Gained mutation: You are immune to rotting. [demonic
                  | ancestry]
   226 | D:1      | Reached XP level 2. HP: 18/24 MP: 3/3
   425 | D:1      | Reached * piety under Lugonu
  1026 | D:1      | Gained mutation: You have sharp toenails. [demonic
                  | ancestry]
  1026 | D:1      | Reached XP level 3. HP: 23/29 MP: 4/4
  1242 | D:2      | Reached skill level 1 in Dodging
  1392 | D:2      | You fall into a shaft and drop 2 floors!
  1392 | D:4      | Found a blossoming altar of Fedhas.
  1656 | D:2      | Reached XP level 4. HP: 35/35 MP: 5/5
  1865 | D:2      | Learned a level 1 spell: Summon Small Mammal
  1867 | D:2      | Learned a level 1 spell: Animate Skeleton
  1944 | D:2      | Found a white marble altar of Elyvilon.
  1958 | D:2      | Noticed Terence
  1971 | D:2      | Killed Terence
  2110 | D:3      | Reached ** piety under Lugonu
  2279 | D:3      | Noticed Ijyb
  2300 | D:3      | Killed Ijyb
  2300 | D:3      | Gained mutation: You have a pair of small antennae on your
                  | head. [demonic ancestry]
  2300 | D:3      | Reached XP level 5. HP: 38/42 MP: 6/6
  2305 | D:3      | You fall into a shaft and drop 3 floors!
  2317 | D:6      | Noticed a necrophage
  2326 | D:6      | Banished a necrophage
  2421 | D:6      | Reached skill level 1 in Polearms
  2466 | D:5      | Entered Level 5 of the Dungeon
  2471 | D:5      | Reached skill level 1 in Necromancy
  2471 | D:5      | Reached skill level 3 in Invocations
  2471 | D:5      | Reached XP level 6. HP: 40/48 MP: 8/8
  2800 | D:3      | Found a stormy altar of Qazlal.
  2804 | D:3      | Found a glowing silver altar of Zin.
  2810 | D:3      | Found a sacrificial altar of Ru.
  3305 | D:4      | Found a shadowy altar of Dithmenos.
  3305 | D:4      | Found a shattered altar of Ashenzari.
  3307 | D:4      | Got a glittering ivory amulet
  3311 | D:4      | Identified the amulet of Untruth {Faith +Fly Str-2 Slay+3}
                  | (You found it on level 4 of the Dungeon)
  3320 | D:4      | Found a burning altar of Makhleb.
  3322 | D:4      | Found a shimmering blue altar of Sif Muna.
  3324 | D:4      | Found a radiant altar of Vehumet.
  3447 | D:4      | Noticed a slave
  3447 | D:4      | Noticed a slave
  3447 | D:4      | Noticed Pikel
  3449 | D:4      | Noticed a slave
  3475 | D:4      | Noticed a slave
  3482 | D:4      | Killed a slave
  3488 | D:4      | Killed a slave
  3492 | D:4      | Banished Pikel
  3492 | D:4      | Reached skill level 5 in Fighting
  3492 | D:4      | Reached skill level 4 in Invocations
  3492 | D:4      | Reached XP level 7. HP: 29/56 MP: 8/10
  3960 | D:5      | Got a transparent glass ring
  3981 | D:4      | Identified the ring "Pixuadgh" {rN+ Dex+6 Slay+2} (You
                  | found it on level 5 of the Dungeon)
  4048 | D:5      | Noticed Edmund
  4230 | D:5      | Killed Edmund
  4230 | D:5      | Reached skill level 5 in Invocations
  4230 | D:5      | Reached XP level 8. HP: 49/63 MP: 11/11
  4485 | D:5      | Reached skill level 1 in Evocations
  4863 | D:6      | Found Upsago Boec's Armour Shoppe.
  4883 | D:6      | Identified the Papyrus of Glacial Moulding
  4897 | D:6      | Found an opulent altar of Gozag.
  4932 | D:6      | Reached skill level 1 in Throwing
  5032 | D:6      | Reached *** piety under Lugonu
  5188 | D:6      | Found a snail-covered altar of Cheibriados.
  5703 | D:7      | Found a staircase to the Ecumenical Temple.
  5707 | D:7      | Noticed Maggie
  5714 | D:7      | Banished Maggie
  5714 | D:7      | Reached skill level 1 in Maces & Flails
  5714 | D:7      | Reached skill level 5 in Necromancy
  5772 | Temple   | Entered the Ecumenical Temple
  6885 | D:7      | Gained mutation: You may emit foul miasma when damaged in
                  | melee. [demonic ancestry]
  6885 | D:7      | Reached XP level 9. HP: 59/69 MP: 13/13
  6933 | D:7      | Reached skill level 5 in Dodging
  6943 | D:7      | Identified the cursed +3 morningstar of Ru {freeze, rN+
                  | Int+5} (You found it on level 7 of the Dungeon)
  7279 | D:7      | Noticed Joseph
  7280 | D:7      | Banished Joseph
  7552 | D:7      | Noticed Duvessa
  7552 | D:7      | Noticed Dowan
  7594 | D:8      | Reached skill level 6 in Invocations
  7856 | D:8      | Noticed a two-headed ogre
  7877 | D:7      | Banished a two-headed ogre
  7877 | D:7      | Reached skill level 7 in Invocations
  8267 | D:7      | Banished Duvessa
  8267 | D:7      | Reached skill level 8 in Invocations
  8272 | D:7      | Killed Dowan
  8344 | D:7      | Gained mutation: You are partially covered in sharp spines.
                  | [demonic ancestry]
  8344 | D:7      | Reached XP level 10. HP: 72/76 MP: 16/16
  8717 | D:8      | Reached **** piety under Lugonu
  8840 | D:8      | Reached skill level 1 in Bows
  9261 | D:9      | Noticed Erica
  9262 | D:9      | Banished Erica
  9262 | D:9      | Reached skill level 1 in Summonings
  9439 | D:9      | Noticed a two-headed ogre
  9466 | D:9      | Killed a two-headed ogre
  9466 | D:9      | Reached skill level 9 in Invocations
  9478 | D:9      | Reached skill level 1 in Spellcasting
  9519 | D:9      | Noticed Maurice
  9536 | D:9      | Banished Maurice
 10238 | D:10     | Entered Level 10 of the Dungeon
 10269 | D:10     | Noticed a gargoyle
 10269 | D:10     | Noticed a cyclops
 10280 | D:9      | Killed a gargoyle
 10366 | D:9      | Reached skill level 10 in Invocations
 10756 | D:10     | Noticed a cyclops
 10769 | D:10     | Killed a cyclops
 10769 | D:10     | Reached XP level 11. HP: 39/81 MP: 18/18
 10982 | D:10     | Found a staircase to the Lair.
 11128 | Lair:1   | Entered Level 1 of the Lair of Beasts
 11547 | Lair:1   | Noticed a six-headed hydra
 11550 | Lair:1   | Banished a six-headed hydra
 11739 | Lair:1   | Reached skill level 11 in Invocations
 11827 | Lair:1   | Noticed Urug
 11843 | Lair:1   | Slain by Urug

Illustrated notes

Levels and vault maps discovered:
D:1:      lemuel_arrival_hallway, layout_loops_cross
D:2:      layout_loops_ring, elyvilon_altar_4, uniq_terence
D:3:      layout_basic, minmay_overflow_temple_star_quad, first_ration,
          uniq_ijyb
D:4:      layout_loops_ring, chequers_temple_overflow_minitemple,
          fedhas_altar_3, uniq_pikel
D:5:      layout_rooms, serial_curves, eino_curves_02, eino_curves_02,
          kennysheep_generic_room_15, uniq_edmund
D:6:      layout_loops_ring, slow_altar_2, serial_shops, shop,
          nicolae_gozag_cash_rules_everything_around_me
D:7:      minmay_general_purpose_star, layout_loops_corners,
          minmay_temple_entry_trees, grunt_livestock,
          chequers_serial_rivers_micro_b, uniq_joseph, uniq_duvessa, uniq_maggie
D:8:      layout_rooms
D:9:      layout_loops_ring, st_stairs_11, uniq_maurice, uniq_erica
D:10:     layout_roguey, grunt_lair_entry_orc_guard_hut,
          minmay_fractal_squares_gapless_5, uniq_josephine
Temple:   minmay_temple_curvy_loop
Lair:1:   layout_regular_city, uniq_urug

Skill      XL: |  1  2  3  4  5  6  7  8  9 10 11 |
---------------+----------------------------------+-----
Armour         | 2 3 |  3.6
Axes           | 2 |  2.9
Dodging        | 1 2 4 7 8 |  8.6
Polearms       | 1 2 |  2.2
Necromancy     | 1 2 3 5 6 |  6.0
Invocations    | 3 4 5 8 10 11 | 11.0
Fighting       | 5 6 |  6.0
Evocations     | 1 |  1.8
Throwing       | 2 |  2.0
Maces & Flails | 1 2 |  2.2
Bows           | 4 |  4.0
Summonings     | 4 |  4.0
Spellcasting   | 2 3 |  3.3
Stealth        | |  0.4
Unarmed Combat | |  0.1

Action                   |  1- 3 |  4- 6 |  7- 9 | 10-12 || total
-------------------------+-------+-------+-------+-------++-------
Melee: Hand axe          |    98 |       |       |       ||    98
       Spear             |    17 |   123 |   185 |    15 ||   340
       Unarmed           |       |    16 |       |       ||    16
       Mace              |       |       |     9 |       ||     9
       War axe           |       |       |       |    99 ||    99
       Dagger            |       |       |       |    14 ||    14
 Fire: Shortbow          |       |       |       |    79 ||    79
Throw: Dart              |       |       |    50 |    23 ||    73
 Cast: Animate Skeleton  |       |     1 |       |    16 ||    17
       Summon Small Mamm |       |       |       |     4 ||     4
Invok: Depart the Abyss  |     1 |       |       |       ||     1
       Bend Space        |       |       |     3 |     3 ||     6
       Banish            |       |       |     2 |     6 ||     8
Evoke: Wand              |       |     1 |     1 |       ||     2
  Use: Scroll            |     1 |     2 |    20 |     4 ||    27
 Stab: Sleeping          |       |       |       |     1 ||     1
  Eat: Chunk             |     2 |     6 |    12 |    12 ||    32
       Ration            |       |       |     1 |     1 ||     2
Armor: Ring mail         |   103 |    62 |    88 |    54 ||   307
       Skin              |       |     2 |       |       ||     2
Dodge: Dodged            |    84 |    85 |   127 |   132 ||   428
